 Dungeon Crawl Stone Soup version 0.29-a0-732-g3d7fbe0af2 (webtiles) character file.

Game seed: 310502912390061121

42 wingedge the Chopper (level 3, -2/33 HPs)
             Began as a Hill Orc Monk on June 29, 2022.
             Slain by Natasha (6 damage)
             ... on level 2 of the Dungeon.
             The game lasted 00:07:08 (2040 turns).

wingedge the Chopper (Hill Orc Monk)                Turns: 2040, Time: 00:07:08

Health: -2/33      AC:  5    Str: 15    XL:     3   Next: 56%
Magic:  3/3        EV: 26    Int: 10    God:
Gold:   23         SH:  0    Dex: 13    Spells: 2/2 levels left

rFire   . . .      SeeInvis .   l - +1 dagger (protect)
rCold   . . .      Faith    .   (no shield)
rNeg    . . .      Spirit   .   e - +0 ring mail
rPois   .          Reflect  .   (no helmet)
rElec   .          Harm     .   (no cloak)
rCorr   .          Rampage  .   (no gloves)
Will    .....                   (no boots)
Stlth   +.........              g - amulet of the acrobat
HPRegen 0.11/turn               (no ring)
MPRegen 0.08/turn               (no ring)

@: acrobatic, slowed, very slow
A: no striking features
a: no special abilities


You were on level 2 of the Dungeon.
You visited 1 branch of the dungeon, and saw 2 of its levels.

You collected 134 gold pieces.
You spent 111 gold pieces at shops.

Inventory:

Hand Weapons
 a - a +0 hand axe
 l - a +1 dagger of protection (weapon)
 p - a +0 arbalest of freezing
Armour
 b - a +0 robe
 e - a +0 ring mail (worn)
Jewellery
 g - an amulet of the acrobat (around neck)
Scrolls
 i - 3 scrolls of identify
 n - a scroll of magic mapping {unknown}
Potions
 c - a potion of ambrosia
 d - a potion of invisibility {unknown}
 f - a potion of curing {unknown}
 h - a potion of mutation {unknown}
 j - 2 potions of brilliance
 k - a potion of magic {unknown}
 m - 2 potions of haste {unknown}
 o - a potion of heal wounds {unknown}


   Skills:
 + Level 4.0 Fighting
 * Level 4.7 Axes
 * Level 0.0 Ranged Weapons
 + Level 1.2 Armour
 + Level 2.6 Dodging
 - Level 2.0 Stealth


You had 2 spell levels left.
You didn't know any spells.
Your spell library contained the following spells:

 Spells                   Type           Power      Damage    Failure   Level
 Necrotize                Necr           0%         1d4       58%         1
 Vampiric Draining        Necr           0%         2d6       91%         3
 Agony                    Necr           0%         N/A       100%        5


Dungeon Overview and Level Annotations

Branches:
Dungeon (2/15)

Altars:

Shops:
D:2 (

Annotations:
D:2 Natasha


Message History

Okay, then.
As you read the scroll labelled KULEZX VIMUCEL, it crumbles to dust.
It is a scroll of identify.
j - 2 potions of brilliance Natasha claws you.
The shadow imp barely misses you.
Your +0 arbalest of freezing stops glowing.
Your +1 dagger of protection hums with potential!
l - a +1 dagger of protection (weapon)
You hit Natasha.
Your weapon exudes an aura of protection.
Natasha is heavily wounded.
Natasha casts a spell at you. The magic dart hits you!
The white imp hits you but does no damage.
The shadow imp hits you but does no damage.
Natasha claws you.
* * * LOW HITPOINT WARNING * * *
The white imp completely misses you. The shadow imp closely misses you.
The white imp completely misses you. The shadow imp completely misses you.
The shadow imp attacks as you move away!
The shadow imp closely misses you. The white imp attacks as you move away!
The white imp misses you. The white imp attacks as you move away!
The white imp closely misses you. Natasha completely misses you.
Natasha stares at you and mumbles some strange words.
You resist with significant effort. Natasha attacks as you move away!
Natasha closely misses you. The white imp gestures at you.
The puff of frost hits you.
* * * LOW HITPOINT WARNING * * *
Natasha attacks as you move away! Natasha claws you.
* * * LOW HITPOINT WARNING * * *
Natasha casts a spell at you.
You feel yourself slow down. Natasha misses you. Natasha misses you.
Natasha attacks as you move away! Natasha misses you. Natasha misses you.
Natasha attacks as you move away! Natasha claws you.
You die...

##.....#...##.##...##.##..
##..........#)#.......#.#.†
#.........##.##...##..##.##
#>........#)#...........#.#
#.........###...#####...###
#...............# #......
#.........5.....# #....##
#.........h.....# #.##.##
##........@....## #. #.##
##.....#.<....# #. #<##
############.######. #..#
#........... ##..
#........... ##.
##.......)... ##
#######...........######
#....#.†................
#......#..........###...


You could see Natasha and a white imp (summoned).

Vanquished Creatures
  An adder (D:2)
  A dart slug (D:2)
  4 ball pythons
  2 bats (D:1)
  An endoplasm (D:1)
  3 giant cockroaches
  3 goblins
  3 hobgoblins
  5 kobolds
  A quokka (D:2)
  3 frilled lizards (D:1)
  3 rats
30 creatures vanquished.

Vanquished Creatures (others)
  A fungus (D:1)
  A plant (D:1)
2 creatures vanquished.

Grand Total: 32 creatures vanquished

Notes
Turn   | Place    | Note
-------+----------+-------------------------------------------
     0 | D:1      | wingedge the Hill Orc Monk began the quest for the Orb.
     0 | D:1      | Reached XP level 1. HP: 19/19 MP: 1/1
   507 | D:1      | Reached XP level 2. HP: 27/27 MP: 2/2
  1363 | D:1      | Found a faded altar of an unknown god.
  1605 | D:2      | Reached XP level 3. HP: 33/33 MP: 3/3
  1643 | D:2      | Reached skill level 1 in Armour
  1959 | D:2      | Found Rafut's Weapon Boutique.
  1963 | D:2      | Bought a +0 arbalest of freezing for 111 gold pieces
  2015 | D:2      | Noticed Natasha
  2040 | D:2      | Slain by Natasha

Illustrated notes

Levels and vault maps discovered:
D:1:      minmay_arrival_stair_chambers, layout_loops_corners,
          dreamdust_ecumenical_altar_hidden_monk_grotto, minivault_4,
          nrook_mini_backslash, serial_bayou_ford_a,
          minmay_misc_feat_secret_circle, minmay_misc_feat_room
D:2:      layout_rooms, serial_shops, shop, minmay_vboxes, uniq_natasha

Skill      XL: |  1  2  3 |
---------------+----------+-----
Armour         | 1 |  1.2
Stealth        | 2 |  2.0
Fighting       | 4 |  4.0
Axes           | |  4.7
Dodging        | |  2.6

Action                   || total
-------------------------++-------
Melee: Hand axe          ||   127
       Punch             ||     1
       Dagger            ||     1
 Fire: Arbalest          ||     6
  Use: Scroll            ||     1
 Stab: Sleeping          ||     2
Armor: Robe              ||     7
       Ring mail         ||    33
Dodge: Dodged            ||    88

Table legend: (Time is in decaauts)
 A = Elapsed time spent in this place.
 B = Non-inter-level travel time spent in this place.
 C = Inter-level travel time spent in this place.
 D = Time resting spent in this place.
 E = Time spent auto-exploring this place.
 F = Levels seen in this place.
 G = Mean time per level.
                   A        B        C        D        E       F      G
               +--------+--------+--------+--------+--------+-----+--------+
         Total |   2070 |   2060 |     10 |    684 |    920 |   2 | 1035.0 |
       Dungeon |   2070 |   2060 |     10 |    684 |    920 |   2 | 1035.0 |
               +--------+--------+--------+--------+--------+-----+--------+

Top non-repeatable levels by time:
     D:1: 1544 daAuts
     D:2: 525 daAuts
